 Dungeon Crawl Stone Soup version 0.21-a0-331-gfb491b4 (webtiles) character file.

282 RedPan the Ruffian (level 6, -8/55 HPs)
             Began as a Deep Dwarf Monk on Oct 2, 2017.
             Mangled by an iguana (10 damage)
             ... on level 4 of the Dungeon.
             The game lasted 00:08:10 (2682 turns).

RedPan the Ruffian (Deep Dwarf Monk)                Turns: 2682, Time: 00:08:10

Health: -8/55      AC:  4    Str: 13 (16) XL:     6   Next: 6%
Magic:  3/3        EV: 14    Int:  8 (11) God:
Gold:   149        SH:  0    Dex: 14 (15) Spells: 5/5 levels left

rFire    . . .     SeeInvis .     - Unarmed
rCold    . . .     Gourm    .   (no shield)
rNeg     . . .     Faith    .   a - +1 robe
rPois    .         Spirit   .   f - +0 helmet (curse)
rElec    .         Reflect  .   (no cloak)
rCorr    .         Harm     .   (no gloves)
MR       +....                  (no boots)
Stlth    ++........             (no amulet)
HPRegen  0.00/turn              (no ring)
MPRegen  0.08/turn              (no ring)

@: non-regenerating
A: damage resistance, heal wounds, blurry vision 1, magic resistance 1, sense
surroundings 1, wild magic 1, no regeneration
a: Heal Wounds


You were on level 4 of the Dungeon.
You were not hungry.

You visited 1 branch of the dungeon, and saw 4 of its levels.

You collected 149 gold pieces.

Inventory:

Armour
 a - a +1 robe (worn)
 f - a cursed +0 helmet (worn)
Scrolls
 l - a scroll of enchant armour
Potions
 e - a potion of haste
Comestibles
 b - a bread ration
 g - a meat ration
 h - a royal jelly
 j - a chunk of flesh


   Skills:
 - Level 2.6 Fighting
 + Level 4.1 Dodging
 - Level 2.4 Stealth
 + Level 5.8 Unarmed Combat


You had 5 spell levels left.
You didn't know any spells.

Dungeon Overview and Level Annotations

Branches:
Dungeon (4/15)
 Temple: D:4-7

Altars:
Ru
Yredelemnul

Annotations:
D:4 Menkaure


Innate Abilities, Weirdness & Mutations

You are resistant to damage.
You can heal yourself by infusing magical energy.
You passively map a small area around you.
You do not regenerate.
Scrolls take you a little longer to read.
You are resistant to hostile enchantments. (MR+)
Your spells are a little harder to cast, but a little more powerful.


Message History

* * * LOW HITPOINT WARNING * * *
The howler monkey hoots and howls with incredible vigour!
You hit the iguana.
The iguana is lightly wounded.
The iguana barely misses you.
You closely miss the iguana.
The iguana is lightly wounded.
The iguana closely misses you.
You hit the iguana.
The iguana is moderately wounded.
The iguana misses you.
You hit the iguana but do no damage. Your punch misses the iguana.
The iguana is moderately wounded.
The howler monkey hoots and howls with incredible vigour!
The iguana barely misses you.
You hit the iguana but do no damage.
The iguana is moderately wounded.
The howler monkey hoots and howls with incredible vigour!
The iguana bites you!
You die...

###.##*,..,,,,..#
<....##.##****#.#
#.........h,* #.#
##...##.###h###.#
##.##*,...l....## #l#
****#......# #.#
######h# ##'## #l#
##§M.## #@# #§§...##
####.#
§§.....######.##.#
§§......#......#.#
..§§....+..<.....#
........#.##...#.#
.......##,###..#.######
#.....##*,#...........#
##...## *,#.##.######.#


You could see a howler monkey and an iguana.

Vanquished Creatures
  The ghost of gorpus the Grave Robber, an amateur VSNe (D:3)
  2 howler monkeys (D:4)
  A hound (D:4)
  A gnoll (D:1)
  2 adders (D:2)
  An ooze (D:2)
  An adder zombie (D:1)
  5 worms
  2 leopard geckos (D:2)
  An orc (D:3)
  A ball python (D:2)
  A bat zombie (D:1)
  4 giant cockroaches
  9 goblins
  5 hobgoblins
  4 jackals (D:4)
  A quokka (D:2)
  8 bats
  A frilled lizard (D:2)
  7 kobolds
  3 rats (D:2)
61 creatures vanquished.

Notes
Turn   | Place    | Note
-------+----------+-------------------------------------------
     0 | D:1      | RedPan the Deep Dwarf Monk began the quest for the Orb.
     0 | D:1      | Reached XP level 1. HP: 20/20 MP: 1/1
    37 | D:1      | Reached skill level 3 in Unarmed Combat
    99 | D:1      | Reached XP level 2. HP: 24/27 MP: 2/2
   388 | D:1      | Reached XP level 3. HP: 23/33 MP: 3/3
   819 | D:2      | Reached skill level 4 in Unarmed Combat
  1011 | D:2      | Found a basalt altar of Yredelemnul.
  1632 | D:2      | Found a sacrificial altar of Ru.
  1641 | D:2      | Reached XP level 4. HP: 38/40 MP: 3/3
  1860 | D:3      | Noticed gorpus's ghost (amateur VSNe)
  1878 | D:3      | Killed gorpus's ghost
  1878 | D:3      | Reached skill level 5 in Unarmed Combat
  1878 | D:3      | Reached XP level 5. HP: 9/46 MP: 4/4
  1933 | D:3      | Gained mutation: You are resistant to hostile enchantments. (MR+) [potion of mutation]
  1933 | D:3      | Gained mutation: Scrolls take you a little longer to read. [potion of mutation]
  1933 | D:3      | Gained mutation: Your spells are a little harder to cast, but a little more powerful. [potion of mutation]
  2459 | D:4      | Noticed an ogre
  2464 | D:4      | Noticed a phantom
  2540 | D:4      | Noticed Menkaure
  2674 | D:4      | Reached XP level 6. HP: 14/55 MP: 3/3
  2677 | D:4      | HP: 2/55 [iguana (8)]
  2682 | D:4      | Mangled by an iguana

Vault maps used:
D:1:      saegor_arrival_fortress
D:2:      lemuel_round_altar, nicolae_ru_great_annihilating_truth
D:4:      kb_xom_exploding_sheep, lemuel_coloured_pillars_altar, first_bread,
          kennysheep_nub, fedhas_altar_fruit_tree, uniq_menkaure

Skill      XL: |  1  2  3  4  5 |
---------------+----------------+-----
Unarmed Combat | 3 4 5 |  5.8
Dodging        | 4 |  4.1
Fighting       | |  2.6
Stealth        | |  2.4

Action                   |  1- 3 |  4- 6 || total
-------------------------+-------+-------++-------
Melee: Unarmed           |   152 |   136 ||   288
       Punch             |     1 |     4 ||     5
 Abil: Heal Wounds       |     1 |     2 ||     3
  Use: Potion            |     2 |     2 ||     4
       Scroll            |       |     7 ||     7
 Stab: Sleeping          |     8 |     4 ||    12
       Paralysed         |       |     1 ||     1
  Eat: Chunk             |     2 |     4 ||     6
       Royal jelly       |       |     1 ||     1
Armor: Robe              |    18 |    20 ||    38
Dodge: Dodged            |    91 |    70 ||   161

Table legend:
 A = Spawn XP
 B = Non-spawn XP
 C = Spawn XP percentage of total XP
 D = Spawn monster count
 E = Non-spawn monster count
 F = Spawn count percentage of total count
 G = Total turns spent on level
                    A         B        C        D         E        F      G
               +---------+---------+-------+---------+---------+-------+---------
         Total |       0 |     403 |   0.0 |       0 |      61 |   0.0 |  2682
               +---------+---------+-------+---------+---------+-------+---------
           D:1 |       0 |      42 |   0.0 |       0 |      14 |   0.0 |   632
           D:2 |       0 |      81 |   0.0 |       0 |      27 |   0.0 |  1192
           D:3 |       0 |     115 |   0.0 |       0 |      12 |   0.0 |   696
           D:4 |       0 |     165 |   0.0 |       0 |       8 |   0.0 |   162
               +---------+---------+-------+---------+---------+-------+---------
